 Dungeon Crawl Stone Soup version 0.29-a0-542-g075992c915 (webtiles) character file.

Game seed: 12468698597750360254

25 ytrimaz the Insei (level 3, -1/23 HPs)
             Began as an Octopode Transmuter on June 5, 2022.
             Was a Plaything of Xom.
             Frozen to death by an endoplasm (5 damage)
             ... on level 1 of the Dungeon.
             The game lasted 00:03:07 (719 turns).

ytrimaz the Insei (Octopode Transmuter)              Turns: 719, Time: 00:03:08

Health: -1/23      AC:  1    Str: 11    XL:     3   Next: 6%
Magic:  5/7        EV: 13    Int: 15    God:    Xom [..*...]
Gold:   9          SH:  0    Dex: 12    Spells: 6/7 levels left

rFire   . . .      SeeInvis .     - Unarmed
rCold   . . .      Faith    .   (no shield)
rNeg    . . .      Spirit   .   (helmet currently unavailable)
rPois   .          Reflect  .   (no amulet)
rElec   .          Harm     .   (no ring)
rCorr   .          Rampage  .   (no ring)
Will    .....                   (no ring)
Stlth   ++........              (no ring)
HPRegen 0.07/turn               (no ring)
MPRegen 0.10/turn               (no ring)
                                (no ring)
                                (no ring)

@: appendages (expiring)
A: tentacle spike 3, almost no armour, amphibious, 8 rings, camouflage 1,
gelatinous body 1, (nimble swimmer 1), tentacles
a: End Transformation, Renounce Religion


You were on level 1 of the Dungeon.
You worshipped Xom.
You were a toy of Xom.
One of your tentacles had grown a beastly spike.
You visited 1 branch of the dungeon, and saw 1 of its levels.

You collected 9 gold pieces.

Inventory:

Jewellery
 c - a ring of fire
Scrolls
 b - a scroll of blinking {unknown}
Potions
 a - a potion of lignification
 d - a potion of magic {unknown}


   Skills:
 - Level 1.0 Fighting
 - Level 2.0 Dodging
 - Level 3.0 Unarmed Combat
 + Level 2.6 Spellcasting
 + Level 2.6 Transmutations


You had 6 spell levels left.
You knew the following spells:

 Your Spells              Type           Power      Damage    Failure   Level
a - Beastly Appendage     Tmut           20%        N/A       7%          1

Your spell library contained the following spells:

 Spells                   Type           Power      Damage    Failure   Level
 Wereblood                Tmut           10%        N/A       11%         2
 Spider Form              Tmut/Pois      6%         N/A       34%         3
 Ice Form                 Ice/Tmut       6%         N/A       75%         4


Dungeon Overview and Level Annotations

Branches:
Dungeon (1/15)

Altars:
Xom


Innate Abilities, Weirdness & Mutations

One of your tentacles has grown a beastly spike.
You cannot wear most types of armour.
You are amphibious.
You can wear up to eight rings at the same time.
Your skin changes colour to match your surroundings (Stealth+).
Your rubbery body absorbs attacks. (AC +1, EV +1)
((You are camouflaged when in or above water. (Stealth+)))
You have tentacles for arms and can constrict up to eight enemies at once.


Message History

You tentacle-slap the hobgoblin but do no damage.
Your grab misses the hobgoblin. The hobgoblin hits you.
You tentacle-slap the hobgoblin but do no damage.
You grab the hobgoblin. You constrict the hobgoblin. The hobgoblin misses you.
You barely miss the hobgoblin.
You pierce the hobgoblin, but do no damage.
The hobgoblin is moderately wounded.
You constrict the hobgoblin. The hobgoblin barely misses you.
You tentacle-slap the hobgoblin but do no damage.
You pierce the hobgoblin.
You kill the hobgoblin!
The ball python bites you. The ball python grabs you.
The ball python constricts you.
You tentacle-slap the ball python. You grab the ball python.
The ball python is heavily wounded.
You constrict the ball python.
The ball python escapes!
The ball python loses its grip on you. The ball python barely misses you.
The ball python grabs you. The ball python constricts you.
The ball python bites you.
* * * LOW HITPOINT WARNING * * *
The ball python barely misses you. The ball python constricts you.
* * * LOW HITPOINT WARNING * * *
You see here a +0 dagger.
You barely miss the ball python. You grab the ball python.
You pierce the ball python.
You kill the ball python!
The ball python barely misses you. x2
You have reached level 3!
Your experience leads to an increase in your attributes!
Increase (S)trength, (I)ntelligence, or (D)exterity?
You feel stronger. x2
The ball python closely misses you. The ball python misses you.
The endoplasm jiggles.
You tentacle-slap the ball python.
You kill the ball python!
Your transformation is almost over.
The endoplasm closely misses you. The endoplasm freezes you.
You are frozen.
You die...

..#.#.####..................# #
###.#......P..P.....#.....†######
#.........P.♣♣......'............
#.###.#.#.P♣....P...#......#####.
#.#.....#...♣_.♣..########## #.
#.#.#.#.#..♣♣P♣PP.# #.
..#.....#..♣..P...# #######.
######.##.PP......# #....)..
.......###......@## #.......
).........#####J## ..........
...........# ##J# ..........
...........# #..# ..........
#####......###.## ..........
#...........# ###.......
#..........S# #.......
#...........# #.......
#...........#### ....


You could see 2 endoplasms.

Vanquished Creatures
  A dart slug (D:1)
  2 ball pythons (D:1)
  2 bats (D:1)
  An endoplasm (D:1)
  3 giant cockroaches (D:1)
  2 goblins (D:1)
  2 hobgoblins (D:1)
  3 kobolds (D:1)
  A frilled lizard (D:1)
  3 rats (D:1)
20 creatures vanquished.

Vanquished Creatures (others)
  A plant (D:1)
1 creature vanquished.

Grand Total: 21 creatures vanquished

Notes
Turn   | Place    | Note
-------+----------+-------------------------------------------
     0 | D:1      | ytrimaz the Octopode Transmuter began the quest for the
                  | Orb.
     0 | D:1      | Reached XP level 1. HP: 13/13 MP: 3/3
   341 | D:1      | Reached XP level 2. HP: 16/18 MP: 3/5
   430 | D:1      | Found a faded altar of an unknown god.
   460 | D:1      | Prayed at the altar of an unknown god.
   460 | D:1      | Became a worshipper of Xom of Chaos
   717 | D:1      | Reached XP level 3. HP: 4/23 MP: 4/6
   719 | D:1      | Frozen to death by an endoplasm

Illustrated notes

Levels and vault maps discovered:
D:1:      amcnicky_arrival_feature_with_door, layout_basic,
          dreamdust_ecumenical_altar_grove

Action                   || total
-------------------------++-------
Melee: Unarmed           ||    53
       Constrict         ||    14
       Tentacles         ||     7
       Kick              ||    10
       Punch             ||     2
 Cast: Beastly Appendage ||    12
 Stab: Sleeping          ||     1
Armor: Skin              ||     4
Dodge: Dodged            ||    36

Table legend: (Time is in decaauts)
 A = Elapsed time spent in this place.
 B = Non-inter-level travel time spent in this place.
 C = Inter-level travel time spent in this place.
 D = Time resting spent in this place.
 E = Time spent auto-exploring this place.
 F = Levels seen in this place.
 G = Mean time per level.
                   A        B        C        D        E       F      G
               +--------+--------+--------+--------+--------+-----+--------+
         Total |    716 |    716 |      0 |     59 |    473 |   1 |  716.0 |
       Dungeon |    716 |    716 |      0 |     59 |    473 |   1 |  716.0 |
               +--------+--------+--------+--------+--------+-----+--------+

Top non-repeatable levels by time:
     D:1: 716 daAuts
